Map: Orbital Shipyard

Players

Hindulaatti - Winner!

  • Race: Zerg Zerg
  • League: Diamond

BLFG

  • Race: Zerg Zerg

VOD

Have the link to the VOD?

Description

Time

  • Played on: Jan. 11, 2016, 2:31 a.m.
  • Length: 17:19
Show
View Real Time Build Order
Export as new Build Order

Hindulaatti Zerg - Winner!

Build Orders: Hatch First, Lurkers 

Get SALT Encoding   

  12  0:01  Drone  
  13  0:11  Drone  
  14  0:20  Extractor  
  14  0:21  Drone  
  15  0:40  Hatchery  
  14  0:51  Drone, Extractor  
  14  0:52  Extractor  
  14  0:53  Drone  
  16  1:11  Spawning Pool  
  16  1:16  Extractor  
  14  1:19  Overlord  
  14  1:35  Hatchery  
  14  1:39  Drone  
  14  1:44  Drone  
  15  1:48  Drone  
  16  1:54  Drone  
  16  1:58  Drone  
  18  2:11  Queen  
  20  2:21  Queen  
  22  2:28  Metabolic Boost  
  22  2:32  Zergling x2  
  22  2:36  Zergling x2  
  24  2:39  Drone  
  24  2:42  Drone  
  26  2:47  Drone  
  27  2:51  Drone  
  27  2:56  Overlord  
  28  3:02  Drone  
  29  3:11  Drone  
  29  3:12  Drone  
  31  3:16  Drone, Spine Crawler  
  31  3:26  Drone x3  
  34  3:27  Drone  
  35  3:34  Drone  
  35  3:35  Drone x2  
  35  3:39  Overlord  
  38  3:46  Drone x2  
  38  3:47  Drone  
  41  3:54  Drone  
  42  3:56  Overlord  
  42  3:59  Drone x3  
  42  4:01  Drone  
  46  4:04  Drone  
  46  4:05  Drone  
  46  4:08  Drone  
  46  4:09  Drone  
  50  4:13  Overlord  
  50  4:20  Zergling x2  
  50  4:21  Zergling x8  
  54  4:26  Baneling Nest  
  54  4:28  Queen, Extractor  
  54  4:36  Lair  
  54  4:47  Roach Warren  
  54  4:50  Drone x5  
  54  4:51  Drone  
  59  4:53  Zergling x8  
  63  5:05  Zergling x6  
  66  5:13  Baneling x4  
  59  5:39  Queen  
  61  5:47  Drone x4  
  61  5:48  Overlord x4  
  61  5:49  Overlord  
  65  5:51  Extractor  
  65  5:52  Extractor  
  65  5:53  Extractor  
  65  5:54  Extractor  
  65  5:56  Roach x2  
  65  5:58  Glial Reconstitution  
  65  6:02  Evolution Chamber  
  64  6:04  Evolution Chamber  
  63  6:14  Queen  
  65  6:23  Ravager  
  65  6:24  Ravager, Roach x2  
  65  6:25  Roach x6  
  83  6:26  Roach x2  
  87  6:42  Queen  
  87  6:56  Zerg Ground Armor Level 1, Zerg Missile Weapons Level 1  
  87  6:59  Ravager x2  
  89  7:03  Drone  
  89  7:04  Drone x5  
  89  7:05  Drone  
  89  7:06  Drone x5  
  89  7:07  Roach x2  
  105  7:09  Overlord  
  104  7:30  Hatchery  
  103  7:38  Roach  
  105  7:47  Overlord x4  
  105  7:48  Overlord  
  105  7:53  Hatchery  
  104  8:01  Roach  
  104  8:02  Overlord x3  
  106  8:09  Hydralisk Den  
  106  8:10  Overlord x2  
  106  8:11  Overlord  
  105  8:37  Hatchery  
  104  8:42  Roach  
  104  8:43  Roach x15  
  104  8:46  Ravager x5  
  104  8:47  Ravager x4  
  145  9:10  Zerg Ground Armor Level 2, Zerg Missile Weapons Level 2  
  145  9:24  Hydralisk  
  145  9:25  Hydralisk x5, Roach  
  144  9:56  Lurker Den  
  144  10:08  Drone  
  144  10:09  Drone x8  
  153  10:18  Hydralisk  
  153  10:19  Hydralisk  
  153  10:20  Hydralisk x9  
  161  10:38  Roach x6  
  161  10:39  Roach x4  
  114  11:07  Hydralisk x3, Roach  
  114  11:08  Hydralisk x3, Roach  
  120  11:19  Spine Crawler  
  120  11:20  Spine Crawler  
  120  11:22  Spine Crawler  
  117  11:27  Ravager  
  117  11:28  Ravager x3  
  121  11:36  Extractor  
  121  11:39  Extractor  
  119  11:45  Lurker  
  120  11:53  Lurker  
  121  11:54  Zergling x2  
  121  11:55  Zergling x16  
  83  12:43  Zergling x16  
  87  12:45  Zergling x4  
  87  12:46  Zergling x26  
  87  12:48  Drone  
  87  12:49  Drone x8  
  99  12:51  Lurker  
  99  12:57  Lurker  
  95  12:59  Lurker x4  
  95  13:00  Drone x5  
  76  13:37  Baneling  
  76  13:38  Baneling  
  60  13:59  Hydralisk x6  
  63  14:11  Roach x2  
  63  14:12  Roach x7  
  63  14:13  Roach x3  
  87  14:28  Lurker  
  85  14:37  Extractor  
  84  14:43  Lurker  
  85  14:48  Zergling x2  
  85  14:49  Zergling x8  
  85  14:52  Zergling x2  
  91  14:53  Zergling x12  
  88  15:29  Roach x13  
  110  15:40  Spine Crawler  
  105  16:14  Drone x13  
  105  16:18  Extractor  
  117  16:19  Overseer  
  117  16:24  Queen x4  
  121  16:34  Lurker x4  
  113  16:57  Roach x6  
  113  16:58  Roach x2  
Show
View Real Time Build Order
Export as new Build Order

BLFG Zerg 

Build Orders: Hatch First 

Get SALT Encoding   

  12  0:01  Drone  
  13  0:13  Drone  
  14  0:18  Extractor  
  14  0:19  Drone  
  15  0:42  Hatchery  
  14  0:49  Extractor  
  13  0:51  Extractor  
  13  0:52  Drone  
  13  0:53  Drone  
  16  1:02  Spawning Pool  
  15  1:09  Overlord  
  15  1:27  Drone x3  
  18  1:37  Extractor  
  18  1:38  Drone  
  18  1:49  Queen  
  20  1:54  Queen  
  20  1:56  Overlord  
  20  2:00  Drone  
  23  2:12  Drone x2  
  25  2:19  Zergling x2  
  25  2:21  Zergling x2  
  27  2:33  Drone  
  27  2:36  Drone  
  30  2:37  Drone  
  30  2:38  Drone  
  31  2:49  Hatchery  
  30  2:53  Metabolic Boost  
  30  2:59  Drone x4  
  30  3:03  Drone  
  30  3:04  Drone  
  36  3:28  Overlord x3  
  35  3:46  Zergling x2  
  35  3:47  Zergling x6  
  39  3:52  Zergling x2  
  40  4:01  Queen  
  40  4:02  Drone  
  43  4:03  Drone x2  
  44  4:20  Zergling x2  
  44  4:21  Zergling x6  
  48  4:28  Drone x3  
  48  4:29  Drone x4  
  55  4:33  Extractor  
  55  4:38  Extractor  
  53  4:40  Evolution Chamber  
  53  4:43  Roach Warren  
  51  4:55  Drone  
  51  4:56  Drone x7  
  57  5:17  Zerg Missile Weapons Level 1  
  57  5:19  Lair  
  53  5:23  Roach x6  
  53  5:25  Overlord  
  53  5:26  Overlord x4  
  61  5:40  Spine Crawler x2  
  59  5:44  Evolution Chamber  
  59  5:45  Roach  
  59  5:46  Roach x8  
  76  5:51  Drone  
  76  5:52  Drone  
  78  6:00  Drone x2  
  78  6:01  Drone  
  81  6:10  Roach x2  
  89  6:18  Drone x3  
  89  6:19  Drone  
  89  6:20  Drone x4  
  89  6:24  Glial Reconstitution, Roach x4  
  103  6:28  Roach  
  105  6:34  Ravager  
  105  6:37  Extractor  
  105  6:39  Extractor  
  104  6:41  Extractor  
  104  6:42  Overlord  
  104  6:43  Overlord x4  
  104  7:01  Ravager x2  
  104  7:02  Ravager  
  106  7:15  Drone x2  
  107  7:16  Drone  
  109  7:33  Ravager x2  
  109  7:35  Zerg Ground Armor Level 1, Zergling x2  
  109  7:36  Zergling x24  
  124  7:57  Roach  
  124  7:58  Roach x6  
  138  8:03  Zergling x4  
  139  8:27  Roach x2  
  141  8:28  Roach  
  141  8:29  Zergling x2, Overlord x2  
  141  8:30  Overlord x3  
  141  8:32  Zerg Missile Weapons Level 2  
  146  8:37  Infestation Pit  
  145  9:04  Overlord x2  
  145  9:06  Roach  
  145  9:07  Roach x6  
  159  9:18  Hatchery  
  159  9:20  Hatchery  
  157  9:28  Roach  
  157  9:29  Roach x3  
  158  9:48  Roach  
  158  9:49  Roach x13  
  184  10:00  Tunneling Claws  
  184  10:03  Zerg Ground Armor Level 2  
  184  10:28  Zergling x2  
  176  10:37  Roach x4  
  176  10:38  Roach x7  
  176  10:39  Roach x2  
  176  10:42  Queen  
  148  10:55  Roach x5  
  148  10:56  Roach x8  
  127  11:13  Roach  
  127  11:14  Roach x11  
  139  11:29  Roach  
  139  11:30  Roach x6  
  153  11:36  Ravager x6  
  153  11:37  Ravager x2  
  153  11:39  Zergling x2  
  166  11:40  Zergling x8  
  166  11:50  Zergling x16  
  166  11:53  Zerg Melee Weapons Level 1  
  174  11:55  Hive  
  174  11:58  Zergling x22  
  174  11:59  Zergling x2  
  136  12:46  Drone  
  136  12:47  Drone x12  
  130  13:10  Overseer x3  
  130  13:17  Zerg Missile Weapons Level 3  
  129  13:22  Ultralisk Cavern  
  119  13:27  Extractor  
  119  13:30  Extractor  
  109  13:38  Zergling x4  
  109  13:39  Zergling x4  
  109  13:47  Zerg Ground Armor Level 3  
  87  14:04  Roach  
  87  14:05  Roach x12  
  95  14:31  Ultralisk Cavern  
  95  14:33  Zergling x16  
  95  14:34  Zergling x10  
  107  14:40  Spine Crawler x2  
  107  14:41  Spine Crawler  
  104  14:50  Zergling x2  
  104  14:51  Zergling x26  
  118  14:54  Hatchery  
  93  15:18  Ultralisk  
  93  15:19  Ultralisk x3  
  93  15:20  Zergling x16  
  114  15:43  Chitinous Plating  
  114  15:46  Ultralisk  
  86  16:21  Drone x5  
  86  16:22  Drone x11  
  72  16:56  Zergling x2  
  72  16:57  Zergling x14  
Tags
 
Composition
Lurkers
League
Diamond
Matchup
ZvZ
Race
Zerg
Replay Pack
22.2.2016
Add a new tag
Caveats
  • Supply blocks, unpowered buildings, or Contaminate may cause inaccurate times.
  • Supply counts are checked every 10 seconds.